 Dungeon Crawl Stone Soup version 0.25-a0-578-gc91f01c (webtiles) character file.

Game seed: 7972625540457780195, levelgen mode: deterministic

263 Faels the Slasher (level 6, -12/47 HPs)
             Began as a Barachi Fighter on Mar 3, 2020.
             Was an Initiate of Dithmenos.
             Engulfed by a cloud of flame (28 damage)
             ... on level 3 of the Dungeon.
             The game lasted 00:07:50 (3335 turns).

Faels the Slasher (Barachi Fighter)                 Turns: 3335, Time: 00:07:51

Health: -12/47     AC:  8    Str: 17    XL:     6   Next: 19%
Magic:  6/6        EV:  7    Int:  8    God:    Dithmenos [......]
Gold:   159        SH:  9    Dex: 14    Spells: 5/5 levels left

rFire    . . .     SeeInvis .   a - +0 long sword
rCold    . . .     Gourm    .   c - +0 kite shield
rNeg     . . .     Faith    .   b - +0 scale mail
rPois    .         Spirit   .   (no helmet)
rElec    .         Reflect  .   (no cloak)
rCorr    .         Harm     .   (no gloves)
MR       .....                  p - +0 pair of boots
Stlth    ..........             (no amulet)
HPRegen  0.15/turn              (no ring)
MPRegen  0.10/turn              (no ring)

@: slow
A: +LOS, swims, slowness 1, strong legs 1
a: Hop, Renounce Religion


You were on level 3 of the Dungeon.
You worshipped Dithmenos.
Dithmenos was noncommittal.
You were not hungry.

You visited 1 branch of the dungeon, and saw 3 of its levels.

You collected 159 gold pieces.

Inventory:

Hand Weapons
 a - a +0 long sword (weapon)
 h - a +4 short sword
 i - a +0 dagger
 l - a +1 dagger of protection
Missiles
 u - 17 poisoned darts (quivered)
 w - 2 boomerangs
Armour
 b - a +0 scale mail (worn)
 c - a +0 kite shield (worn)
 n - a +0 chain mail
 p - a +0 pair of boots (worn)
 A - a +0 cloak
Jewellery
 s - an uncursed ring of fire
Scrolls
 e - 4 scrolls of identify {unknown}
 k - 4 scrolls of teleportation {unknown}
 m - 2 scrolls of immolation {unknown}
 t - a scroll of remove curse {unknown}
 y - a scroll of random uselessness {unknown}
 z - a scroll of noise {unknown}
Potions
 d - a potion of might
 g - a potion of curing {unknown}
 j - a potion of brilliance {unknown}
 o - a potion of invisibility {unknown}
 q - a potion of cancellation {unknown}
 r - a potion of degeneration {unknown}
 v - a potion of haste {unknown}
Comestibles
 f - 5 rations
 x - 6 chunks of flesh


   Skills:
 - Level 3.6 Fighting
 + Level 7.6 Long Blades
 - Level 3.6 Armour
 - Level 3.2 Shields


You had 5 spell levels left.
You didn't know any spells.
Your spell library was empty.

Dungeon Overview and Level Annotations

Branches:
Dungeon (3/15)

Altars:
Dithmenos
Vehumet


Innate Abilities, Weirdness & Mutations

You can be seen from farther away. (+LOS)
You can swim through water.
You cover ground slowly.
You can hop short distances.


Message History

x - 6 chunks of flesh (gained 2)
You see here a leopard gecko skeleton.
A leopard gecko comes into view.
The leopard gecko hisses angrily.
A leopard gecko is nearby!
You block the leopard gecko's attack.
You slash the leopard gecko!
You kill the leopard gecko!
Dithmenos accepts your kill.
Really walk into a travel-excluded area? [Y]es or [N]o only, please.
Really walk into a travel-excluded area?
Okay, then.
You see here a cloak.
A - a cloak You are engulfed in blazing flames.
Ouch! That really hurt!
You are engulfed in blazing flames.
Ouch! That really hurt!
You die...

.........##.# ##...## ##.##
.##.#######.# #.#.#.# #...#
.##.# #.# ##...## #...## .##.#
#####.# ##.## #..... .##.#
#.....## #.# #####...## ....#
#......#####.#####.........
.####
#.......☼..#............... ...#
#......☼..?.....##......... ##.#
#.....☼._.@.....######...## #.#
######...☼.#.##.# #..... #.#
#.☼...#.##.# #...## #.#
###.#..#.##.# ###...## #.#
#......#.##.# #.......
#.########.###.......# #.##.##.
#............##.#.#######.##.##)
##########.#......# #.......#.
#.####.### #.#.##..#.


There were no monsters in sight!

Vanquished Creatures
  An orc priest (D:2)
  An iguana (D:2)
  An orc wizard (D:3)
  Terence (D:3)
  5 adders
  5 worms
  A dart slug (D:1)
  4 leopard geckos
  12 orcs
  3 giant cockroaches
  9 goblins
  3 hobgoblins
  10 jackals
  5 kobolds
  4 quokkas (D:2)
  A ball python (D:1)
  6 bats
  3 frilled lizards (D:1)
  5 rats
80 creatures vanquished.

Vanquished Creatures (others)
  An adder (D:3)
1 creature vanquished.

Grand Total: 81 creatures vanquished

Notes
Turn   | Place    | Note
-------+----------+-------------------------------------------
     0 | D:1      | Faels the Barachi Fighter began the quest for the Orb.
     0 | D:1      | Reached XP level 1. HP: 18/18 MP: 1/1
    99 | D:1      | Reached skill level 3 in Long Blades
   182 | D:1      | Reached XP level 2. HP: 22/24 MP: 2/2
   421 | D:1      | Reached skill level 4 in Long Blades
   503 | D:1      | Reached XP level 3. HP: 25/29 MP: 3/3
  1173 | D:2      | Reached skill level 5 in Long Blades
  1181 | D:2      | Reached XP level 4. HP: 18/36 MP: 4/4
  1554 | D:2      | Reached skill level 6 in Long Blades
  1579 | D:2      | Reached XP level 5. HP: 41/41 MP: 5/5
  2588 | D:3      | Reached skill level 7 in Long Blades
  2726 | D:3      | Found a shadowy altar of Dithmenos.
  2773 | D:3      | Reached XP level 6. HP: 31/47 MP: 6/6
  2991 | D:3      | Became a worshipper of Dithmenos the Shadowed
  3162 | D:3      | Found a radiant altar of Vehumet.
  3210 | D:3      | Noticed Terence
  3222 | D:3      | Killed Terence
  3335 | D:3      | Engulfed by a cloud of flame

Levels and vault maps discovered:
D:1:      sevenhm_arrival_forest_fort_small_4, layout_basic
D:2:      cheibrodos_pilgrimage, layout_basic
D:3:      layout_loops_cross, fiery_altar_vehumet, first_ration,
          grunt_dithmenos_smoke, uniq_terence

Skill      XL: |  1  2  3  4  5 |
---------------+----------------+-----
Long Blades    | 3 4 5 6 7 |  7.6
Fighting       | |  3.6
Armour         | |  3.6
Shields        | |  3.2

Action                   |  1- 3 |  4- 6 || total
-------------------------+-------+-------++-------
Melee: Long sword        |   141 |   174 ||   315
  Eat: Chunk             |     1 |     8 ||     9
Armor: Scale mail        |    57 |    56 ||   113
Dodge: Dodged            |    50 |    41 ||    91
Block: Kite shield       |    71 |    69 ||   140
       Rpst.: Long sword |    17 |     8 ||    25

Table legend:
 A = Non-vault XP
 B = Vault XP
 C = Vault XP percentage of total XP
 D = Non-vault monster count
 E = Vault monster count
 F = Vault count percentage of total count
                 A         B        C        D         E       F
            +---------+---------+-------+---------+---------+-------
      Total |     283 |      94 |  24.9 |      73 |       7 |   8.8
            +---------+---------+-------+---------+---------+-------
        D:1 |      47 |       0 |   0.0 |      28 |       0 |   0.0
        D:2 |     125 |      58 |  31.7 |      23 |       6 |  20.7
        D:3 |     111 |      36 |  24.5 |      22 |       1 |   4.3
            +---------+---------+-------+---------+---------+-------
